[Event "Team 45 45 League T35"]
[Site "Internet Chess Club"]
[Date "2007.10.18"]
[Round "1"]
[White "nardz"]
[Black "Gokhtra"]
[Result "0-1"]
[WhiteElo "2189"]
[BlackElo "2169"]
[Opening "Nimzo-Indian: classical, Milner-Barry (Zurich) variation"]
[ECO "A40"]
[Time "20:08:02"]
[TimeControl "2700+45"]

1. d4 Nc6 2. Nf3 e6 3. c4 Nf6 4. Nc3 Bb4 5. Qc2 d6 6. a3 Bxc3+ 7. Qxc3 Qe7 8. e3
e5 9. d5 Nb8 10. Be2 O-O 11. Qc2 Bg4 12. O-O c6 13. e4 Nbd7 14. dxc6 bxc6 15. b4
a5 16. Bb2 axb4 17. axb4 Rfb8 18. Rxa8 Rxa8 19. Ra1 Rxa1+ 20. Bxa1 Nb6 21. h3
Bxf3 22. Bxf3 Qa7 23. Qc3 Nxc4 24. Kh2 Qa2 25. Bd1 Nxe4 26. Qc1 Nxf2 27. Bf3 Nd3
28. Qg5 g6 29. Bc3 Qa6 30. h4 Nf4 31. h5 Qc8 32. h6 Nd5 33. Be1 Nce3 34. Kg1 f6
35. Qh4 Qa6 36. Bf2 Qf1+ 37. Kh2 Nf5 38. Bxd5+ cxd5 39. Qxf6 Qxf2 40. Qe6+ Kf8
41. Qf6+ Ke8 42. Qh8+ Kd7 43. Qxh7+ Kc6 44. b5+ Kb6 45. Qxg6 Qf4+ 46. Kg1 Qe3+
47. Kh2 Qxh6+ {White resigns} 0-1

[Event "Team 45 45 League T35"]
[Site "Internet Chess Club"]
[Date "2007.10.19"]
[Round "1"]
[White "tini3blas"]
[Black "SuperPeon"]
[Result "1-0"]
[WhiteElo "2155"]
[BlackElo "2018"]
[Opening "Polish (Sokolsky) opening"]
[ECO "A00"]
[Time "01:57:15"]
[TimeControl "2700+45"]

1. b4 e5 2. Bb2 Nc6 3. b5 Nd4 4. e3 Ne6 5. Bxe5 Nf6 6. Nf3 Be7 7. Be2 d6 8. Bb2
a6 9. a4 c5 10. O-O O-O 11. d4 d5 12. dxc5 Bxc5 13. Nbd2 a5 14. Nb3 Be7 15. c4
dxc4 16. Bxc4 b6 17. Ne5 Bb7 18. Qxd8 Rfxd8 19. Nd4 Bd5 20. Ndc6 Re8 21. Rfd1
Bxc4 22. Nxc4 Bc5 23. Ba3 Rac8 24. Bxc5 bxc5 25. Nd6 Rf8 26. Nxc8 Rxc8 27. Ne7+
{Black resigns} 1-0

[Event "Team 45 45 League T35"]
[Site "Internet Chess Club"]
[Date "2007.10.21"]
[Round "1"]
[White "Grenadier"]
[Black "tammany"]
[Result "1-0"]
[WhiteElo "1760"]
[BlackElo "1650"]
[Opening "Sicilian: Alapin's variation (2.c3)"]
[ECO "B22"]
[Time "20:02:12"]
[TimeControl "2700+45"]

1. e4 c5 2. c3 Nf6 3. e5 Nd5 4. d4 cxd4 5. cxd4 Nc6 6. Nf3 e6 7. Bc4 Nb6 8. Bb3
d6 9. O-O Be7 10. Nc3 dxe5 11. dxe5 O-O 12. Bf4 Bd7 13. Qe2 Re8 14. Rfd1 Bf8 15.
Rd2 Na5 16. Bc2 Nac4 17. Rd4 h6 18. Qd3 g6 19. b3 Na5 20. Ne4 Be7 21. Bxh6 Nc6
22. Nd6 Nxd4 23. Nxf7 Nxf3+ 24. gxf3 {Black resigns} 1-0

[Event "Team 45 45 League T35"]
[Site "Internet Chess Club"]
[Date "2007.10.22"]
[Round "1"]
[White "b-spot"]
[Black "GoIrish"]
[Result "1-0"]
[WhiteElo "1562"]
[BlackElo "1570"]
[Opening "King's Indian: orthodox variation"]
[ECO "E94"]
[Time "20:58:36"]
[TimeControl "2700+45"]

1. d4 Nf6 2. c4 g6 3. Nc3 Bg7 4. e4 d6 5. Nf3 O-O 6. Be2 e5 7. O-O Na6 8. Re1
Qe8 9. Bf1 Bg4 10. d5 Qd7 11. h3 Bxf3 12. Qxf3 Qe7 13. Be3 Ne8 14. Qd1 f5 15. f3
f4 16. Bf2 Bf6 17. Re2 Ng7 18. b4 Nh5 19. Rb2 Bh4 20. Bxh4 Qxh4 21. Qe1 Qe7 22.
Bd3 Rf7 23. Ne2 Kh8 24. Qf2 b6 25. c5 Nb8 26. c6 a6 27. a4 Qe8 28. Rc1 g5 29. g4
fxg3 30. Nxg3 Nf4 31. Bf1 h5 32. Nf5 Qf8 33. Qc2 Nxd5 34. Bc4 Rxf5 35. exf5 Ne3
36. Qd3 Nxf5 37. Bb3 Nd4 38. Bd5 Nbxc6 39. Rxc6 Nxc6 40. Qg6 Ne7 41. Qxh5+ Kg7
42. Qxg5+ Kh7 43. Qh5+ Kg7 44. Bxa8 Qxa8 45. Rg2+ Kf6 46. Qh6+ Kf5 47. Rg5+ Kf4
48. Rg8+ {Black resigns} 1-0

[Event "Team 45 45 League T35"]
[Site "Internet Chess Club"]
[Date "2007.10.20"]
[Round "1"]
[White "Mudfrog"]
[Black "dougmo"]
[Result "0-1"]
[WhiteElo "1485"]
[BlackElo "1547"]
[Opening "French: Winawer, Petrosian variation"]
[ECO "C16"]
[Time "09:00:01"]
[TimeControl "2700+45"]

1. e4 e6 2. d4 d5 3. Nc3 Bb4 4. e5 Qd7 5. Bd2 Ne7 6. Nb5 Bxd2+ 7. Qxd2 a6 8. Nc3
Ng6 9. Nf3 Nc6 10. h4 h6 11. h5 Nge7 12. Bd3 f5 13. exf6 gxf6 14. Bg6+ Nxg6 15.
hxg6 Qg7 16. Qd3 Bd7 17. O-O-O Ne7 18. Nh4 f5 19. Qg3 O-O-O 20. Qe5 Qxe5 21.
dxe5 Rdg8 22. f4 Nxg6 23. Nxg6 Rxg6 24. Rdg1 c5 25. Rh3 Bc6 26. g3 d4 27. Nd1 c4
28. c3 d3 29. Ne3 b5 30. Kd2 a5 31. b3 cxb3 32. axb3 Rd8 33. Ra1 a4 34. bxa4
bxa4 35. Ra3 Bb5 36. c4 Bc6 37. Rxd3 Rxd3+ 38. Kxd3 Kb7 39. Kc3 Ka6 40. Kb4 Kb6
41. c5+ Ka6 42. Kc4 Ka5 43. Kc3 Kb5 44. Kd4 a3 45. Nc2 a2 46. Ke3 Kxc5 47. Na1
Kb4 48. Kd4 Ka3 49. Kc3 Bd5 50. Nc2+ Ka4 51. Kb2 h5 52. Rxh5 Rxg3 53. Rh7 Rb3+
54. Kc1 Rf3 55. Ra7+ Kb5 56. Nd4+ Kb6 57. Nxf3 Kxa7 58. Kb2 Bxf3 59. Kxa2 Kb6
60. Kb3 Kc5 61. Kc3 Kd5 62. Kd3 Be4+ 63. Kc3 Kc5 64. Kd2 Kd4 65. Ke2 Bh1 66. Kf2
Ke4 67. Kg3 Ke3 68. Kh2 Kxf4 69. Kxh1 Ke3 70. Kg1 Ke2 71. Kg2 f4 {White resigns}
0-1

[Event "Team 45 45 League T35"]
[Site "Internet Chess Club"]
[Date "2007.10.20"]
[Round "1"]
[White "werty"]
[Black "scar99"]
[Result "1/2-1/2"]
[WhiteElo "1473"]
[BlackElo "1515"]
[Opening "Queen's pawn game"]
[ECO "A46"]
[Time "09:30:42"]
[TimeControl "2700+45"]

1. d4 Nf6 2. Nf3 d6 3. e3 g6 4. Bd3 Bg7 5. Nbd2 O-O 6. O-O Nc6 7. c3 e5 8. dxe5
dxe5 9. Bc2 Ne7 10. Nxe5 c5 11. Nb3 Qc7 12. Nf3 b6 13. Re1 Bb7 14. Nbd2 Rad8 15.
Qe2 Rfe8 16. b3 Ng4 17. Bb2 Nc6 18. h3 Nge5 19. Nxe5 Nxe5 20. c4 Nf3+ 21. Nxf3
Bxb2 22. Rad1 Bc3 23. Rxd8 Rxd8 24. Rd1 Kg7 25. Rxd8 Qxd8 26. Ne1 Bc6 27. Nd3
Qg5 28. Nf4 Be5 29. Qg4 Qd8 30. Qd1 Qg5 31. Qg4 Qd8 32. Qd1 {Game drawn by
mutual agreement} 1/2-1/2

[Event "Team 45 45 League T35"]
[Site "Internet Chess Club"]
[Date "2007.10.21"]
[Round "1"]
[White "Ernie1"]
[Black "ears"]
[Result "1-0"]
[WhiteElo "1677"]
[BlackElo "1765"]
[Opening "Saragossa opening"]
[ECO "A00"]
[Time "22:05:47"]
[TimeControl "2700+45"]

1. c3 a6 2. d4 g6 3. Nf3 Bg7 4. Bf4 d6 5. Qc2 Nd7 6. e4 e6 7. Bd3 Ne7 8. Nbd2
O-O 9. h4 h5 10. e5 d5 11. Ng5 Nb8 12. Be2 f5 13. exf6 Bxf6 14. Bxh5 Qe8 15.
Ndf3 Nbc6 16. Bxc7 Nf5 17. Bg4 e5 18. Nxe5 Nxe5 19. Bxe5 Bxe5 20. dxe5 Qxe5+ 21.
Qe2 Qxe2+ 22. Bxe2 Re8 23. Kd2 Bd7 24. Bf3 Bc6 25. g3 Ng7 26. Rae1 Rf8 27. Re5
Rad8 28. g4 Rde8 29. Rhe1 Rd8 30. Ke3 Rde8 31. Rxe8 Rxe8+ 32. Kd2 Rf8 33. Re5
Rd8 34. Ne6 Re8 35. Bxd5 Bxd5 36. Rxd5 Nxe6 37. Re5 Kf7 38. Ke3 Rd8 39. f4 Rd1
40. Ke2 Rg1 41. f5 gxf5 42. Rxf5+ Kg7 43. Re5 Kf7 44. Kf3 Rf1+ 45. Kg2 Rf4 46.
Kg3 Rf1 47. g5 Nf8 48. h5 Rg1+ 49. Kh2 Rg4 50. Rf5+ Kg8 51. Kh3 Rg1 52. g6 Nxg6
53. hxg6 Rxg6 54. Rf2 Rc6 55. Kg2 Kg7 56. Kf1 Rc7 57. Ke2 Rd7 58. Ke1 Kg6 59.
Rd2 Rc7 60. Kd1 Kf6 61. Re2 Rd7+ 62. Kc2 Rd6 63. b4 Kf7 64. Kb3 Kf6 65. a4 Rd7
66. Re3 Rd6 67. c4 Rd8 68. c5 Rd1 69. Re2 Rd7 70. Kc4 Kf7 71. b5 axb5+ 72. axb5
Rd1 73. Re3 Rc1+ 74. Kb4 Rb1+ 75. Ka5 Rc1 76. Kb6 Kf6 77. Ra3 Ke6 78. Rh3 Kd5
79. Rh5+ Kd4 80. c6 bxc6 81. bxc6 Ke4 82. c7 Rb1+ 83. Rb5 Rc1 84. Kb7 {Black
resigns} 1-0

[Event "Team 45 45 League T35"]
[Site "Internet Chess Club"]
[Date "2007.10.21"]
[Round "1"]
[White "holtmild"]
[Black "NESKAYA"]
[Result "0-1"]
[WhiteElo "1482"]
[BlackElo "1633"]
[Opening "Sicilian: Hungarian variation"]
[ECO "B27"]
[Time "14:52:04"]
[TimeControl "2700+45"]

1. e4 c5 2. Nf3 g6 3. d4 Bg7 4. d5 d6 5. Nc3 a6 6. Bd2 e6 7. Bc4 b5 8. Bd3 Nf6
9. Bg5 c4 10. Be2 e5 11. O-O Nbd7 12. b3 b4 13. Na4 c3 14. a3 a5 15. axb4 axb4
16. Bb5 O-O 17. Qe2 h6 18. Bh4 Qc7 19. Rfe1 Bb7 20. Qd3 Nc5 21. Nxc5 Rxa1 22.
Rxa1 Qxc5 23. Re1 Nh5 24. Qc4 Rc8 25. Qxc5 Rxc5 26. Bc4 g5 27. Bg3 Ra5 28. Rc1
Nf6 29. Bd3 Nd7 30. Ne1 Nc5 31. f3 Ba6 32. Bxa6 Nxa6 33. Nd3 Ra2 34. Bf2 Kf8 35.
g3 Ke7 36. f4 f6 37. Kg2 g4 38. h3 h5 39. hxg4 hxg4 40. Be3 Bh6 41. Kf2 Nc5 42.
Nxc5 dxc5 43. Bxc5+ Kd7 44. Be3 exf4 45. Bxf4 Bxf4 46. gxf4 Ra8 47. Kg3 Rg8 48.
Rh1 Kd6 49. Rh4 Kc5 50. Rxg4 Re8 51. f5 Kd4 52. Kf3 Ke5 53. Ke3 Rh8 54. Rf4 Rh2
55. Rf2 Rh3+ 56. Rf3 Rh1 57. Kd3 Rd1+ 58. Ke3 Re1+ 59. Kd3 Rxe4 60. Re3 Rxe3+
61. Kxe3 Kxd5 62. Kf4 Kd4 63. Kf3 Ke5 64. Kg4 Ke4 65. Kg3 Kxf5 66. Kf3 Ke5 67.
Ke3 f5 68. Kf3 f4 69. Kf2 Ke4 70. Kf1 Ke3 71. Kg1 Kd2 72. Kf2 Kxc2 73. Kf3 Kxb3
74. Kxf4 c2 {White resigns} 0-1

[Event "Team 45 45 League T35"]
[Site "Internet Chess Club"]
[Date "2007.10.21"]
[Round "1"]
[White "Jozin"]
[Black "Glassywoman"]
[Result "1-0"]
[WhiteElo "1622"]
[BlackElo "1420"]
[Opening "Philidor's defense"]
[ECO "C41"]
[Time "10:23:06"]
[TimeControl "2700+45"]

1. e4 e5 2. Nf3 d6 3. Bc4 h6 4. Nc3 c6 5. d4 exd4 6. Nxd4 Nf6 7. O-O Be7 8. Re1
O-O 9. Bf4 Qb6 10. Bb3 Ng4 11. f3 Ne5 12. Be3 c5 13. Nde2 Qd8 14. Nd5 Be6 15. c4
Bxd5 16. Qxd5 Nbc6 17. Bc2 Nb4 18. Qd1 Nxc4 19. Bc1 Bf6 20. Nc3 Bg5 21. a3 Nxc2
22. Qxc2 Bxc1 23. Raxc1 Qg5 24. Nd5 Nd2 25. Qc3 Rae8 26. Rc2 Qxd5 27. exd5 Rxe1+
28. Kf2 Rf1+ 29. Ke2 Nb1 30. Qe3 Rh1 31. h3 f6 32. Rc1 Nxa3 33. bxa3 Rh2 34. Kf2
Kf7 35. Qe6+ Kg6 36. Kg3 Rxg2+ 37. Kxg2 b5 38. Qxd6 {Black resigns} 1-0

[Event "Team 45 45 League T35"]
[Site "Internet Chess Club"]
[Date "2007.10.18"]
[Round "1"]
[White "Luckydawg"]
[Black "Beancounter"]
[Result "0-1"]
[WhiteElo "1673"]
[BlackElo "1779"]
[Opening "English: Neo-Catalan declined"]
[ECO "A14"]
[Time "07:00:14"]
[TimeControl "2700+45"]

1. c4 e6 2. g3 Nf6 3. Bg2 d5 4. Nf3 Be7 5. O-O O-O 6. Qc2 a6 7. b3 dxc4 8. bxc4
c5 9. Nc3 Nc6 10. Rb1 Qc7 11. d3 Rb8 12. Bg5 Bd7 13. Bf4 Bd6 14. Bxd6 Qxd6 15.
Rfd1 Nd4 16. Nxd4 cxd4 17. Ne4 Nxe4 18. Bxe4 Bc6 19. Rb6 Qc7 20. Qb2 Rfd8 21.
Bxc6 bxc6 22. Rb1 Rxb6 23. Qxb6 Qc8 24. Qc5 Qa8 25. Rb6 e5 26. Qxe5 Re8 27. Qd6
c5 28. Kf1 Qh1# {White checkmated} 0-1

[Event "Team 45 45 League T35"]
[Site "Internet Chess Club"]
[Date "2007.10.21"]
[Round "1"]
[White "Stav"]
[Black "boffman"]
[Result "1/2-1/2"]
[WhiteElo "1630"]
[BlackElo "1598"]
[Opening "Budapest: Rubinstein variation"]
[ECO "A52"]
[Time "13:54:26"]
[TimeControl "2700+45"]

1. d4 Nf6 2. c4 e5 3. dxe5 Ng4 4. Bf4 Nc6 5. Nf3 Bb4+ 6. Nbd2 Qe7 7. a3 Ngxe5 8.
Nxe5 Nxe5 9. e3 Bd6 10. Be2 O-O 11. O-O Ng6 12. Bxd6 Qxd6 13. Rc1 Qe5 14. Qc2 d6
15. Nf3 Qe7 16. Rfd1 Bd7 17. Rd2 Ne5 18. Rcd1 Bc6 19. Nd4 Bd7 20. b4 Rad8 21.
Nf3 Bc6 22. Nxe5 Qxe5 23. c5 Qe7 24. Bd3 h6 25. cxd6 Rxd6 26. Bh7+ Kh8 27. Rxd6
cxd6 28. Bd3 Rd8 29. Bf1 Qd7 30. Rd4 Qe7 31. Qd2 b6 32. Qc3 Bb7 33. Rc4 Rd7 34.
Qc1 Qd8 35. g3 Qe7 36. Bh3 Rd8 37. Rc7 Qe4 38. Rxb7 Qxb7 39. Bg2 Qd7 40. Qf1 Qc7
41. b5 Qc2 42. Bc6 Qc3 43. a4 d5 44. Qd1 Qc4 45. Qa1 d4 46. exd4 Qxd4 47. Qa2
Kg8 48. a5 Qd2 49. Qxd2 Rxd2 50. axb6 axb6 51. Kg2 Kf8 52. Kf3 Ke7 53. Ke3 Rb2
54. h4 Ke6 55. h5 g6 56. hxg6 fxg6 57. f3 Kf6 58. g4 h5 59. gxh5 gxh5 60. Kf4
Rb4+ 61. Kg3 Kg5 62. Kh3 Rd4 63. Kg3 Rd8 64. Be4 Rh8 65. Kh3 h4 66. Bd5 Kf4 67.
Bc6 Ke5 68. Be4 Kd6 69. Bc6 Kc5 70. Bd7 Kd6 71. Bc6 Ke5 72. Be4 Kd4 73. Bc6 Ke3
74. Be4 Kf4 75. Bc6 Kg5 76. Be4 Rd8 77. Bc6 Rd3 78. Be4 Rb3 79. Bc6 Kh5 80. Be8+
Kg5 81. Bc6 Rb4 82. Bd7 Kf6 83. Bc6 Ke5 84. Be8 Kd6 85. Bc6 Kc5 86. Be8 Rxb5 87.
Bxb5 Kxb5 88. f4 Kc6 89. Kxh4 Kd7 90. Kg4 Ke6 91. f5+ Kf6 92. Kf4 b5 93. Ke4 b4
94. Kd3 {Game drawn by mutual agreement} 1/2-1/2

[Event "Team 45 45 League T35"]
[Site "Internet Chess Club"]
[Date "2007.10.21"]
[Round "1"]
[White "Vincenzo76"]
[Black "reijo"]
[Result "1-0"]
[WhiteElo "1587"]
[BlackElo "1548"]
[Opening "Caro-Kann defense"]
[ECO "B12"]
[Time "13:03:38"]
[TimeControl "2700+45"]

1. e4 c6 2. d4 d5 3. Bd3 dxe4 4. Bxe4 Nf6 5. Bf3 Bf5 6. Ne2 e6 7. O-O Bd6 8. c4
Bg4 9. Ng3 Bxf3 10. Qxf3 Nbd7 11. Bf4 Qc7 12. Bxd6 Qxd6 13. Rd1 O-O 14. Nc3 Qe7
15. d5 Ne5 16. Qe2 exd5 17. f4 Qc5+ 18. Qf2 Qxf2+ 19. Kxf2 Nxc4 20. b3 Nd6 21.
h3 Rfe8 22. Re1 Kf8 23. Rad1 Rxe1 24. Rxe1 Re8 25. Re5 Nd7 26. Re2 Rxe2+ 27.
Ngxe2 Ke7 28. a4 Kf6 29. g4 g5 30. Ke3 gxf4+ 31. Kxf4 Ne5 32. g5+ Ke6 33. Nd4+
Ke7 34. Kxe5 Ne8 35. Nf5+ Kd7 36. Ne2 Nc7 37. Nd6 Ne6 38. h4 Nc5 39. Nxf7 Nxb3
40. Nd4 Nd2 41. h5 c5 42. Nf5 c4 43. Kxd5 c3 44. Nd4 Nf3 45. Ne5+ Nxe5 46. Kxe5
Ke7 47. g6 hxg6 48. hxg6 Kf8 49. Kd6 a6 50. a5 Kg7 51. Kc7 Kxg6 52. Kxb7 Kf6 53.
Kxa6 Ke5 54. Nc2 Kd6 55. Kb7 Kc5 56. a6 {Black resigns} 1-0

[Event "Team 45 45 League T35"]
[Site "Internet Chess Club"]
[Date "2007.10.19"]
[Round "1"]
[White "mal57"]
[Black "Zyme"]
[Result "0-1"]
[WhiteElo "1451"]
[BlackElo "1436"]
[Opening "French: advance, Nimzovich system"]
[ECO "C02"]
[Time "20:03:52"]
[TimeControl "2700+45"]

1. e4 e6 2. d4 d5 3. e5 c5 4. Nf3 cxd4 5. Nxd4 Nc6 6. Be3 Nxe5 7. Bb5+ Bd7 8.
Bf4 Nc6 9. Nxc6 bxc6 10. Bd3 Qb6 11. b3 Nf6 12. Nc3 Bb4 13. Bd2 O-O 14. Na4
Bxd2+ 15. Qxd2 Qc7 16. Nc5 Qe5+ 17. Be2 Qxa1+ 18. Qd1 {White resigns} 0-1

[Event "Team 45 45 League T35"]
[Site "Internet Chess Club"]
[Date "2007.10.21"]
[Round "1"]
[White "lmadueno"]
[Black "PatoJuca"]
[Result "0-1"]
[WhiteElo "1584"]
[BlackElo "1699"]
[Opening "Caro-Kann: exchange variation"]
[ECO "B13"]
[Time "18:03:49"]
[TimeControl "2700+45"]

1. e4 c6 2. d4 d5 3. exd5 cxd5 4. Nf3 Nf6 5. Nc3 Bg4 6. Be2 e6 7. Bg5 Be7 8.
Bxf6 Bxf6 9. Bb5+ Nd7 10. Qd3 O-O 11. Bxd7 Qxd7 12. Ne5 Bxe5 13. dxe5 Bf5 14.
Qg3 Rac8 15. O-O Bxc2 16. Rac1 Bf5 17. a4 a6 18. b4 b5 19. axb5 axb5 20. Ne2
Rxc1 21. Rxc1 Rc8 22. Qa3 Rxc1+ 23. Qxc1 Bd3 24. Nd4 Bc4 25. h4 h6 26. g4 Qe7
27. g5 hxg5 28. Qxg5 Qxg5+ 29. hxg5 g6 30. Kh2 Kg7 31. Kg3 Kf8 32. Kf4 Ke7 33.
Ke3 Kd7 34. Nc2 Kc7 35. Kd4 Kc6 36. Ne3 Be2 37. Ng2 Bf3 38. Nf4 Bg4 39. Nd3 Be2
40. Nc5 Bf1 41. Nb3 Bc4 42. Nd2 Be2 43. Ke3 Bd1 44. f3 Bc2 45. Nf1 Kd7 46. Nh2
Ke7 47. Kd4 Bb3 48. Nf1 Bc4 49. Ne3 Kd7 50. Kc5 Bd3 51. Ng4 Be2 52. Nf6+ Ke7 53.
f4 Kd8 54. Ng8 Kd7 55. Nh6 Ke8 56. Ng8 Kf8 57. Nf6 Ke7 58. Kd4 Kd8 59. Ke3 Bc4
60. Ng4 Bb3 61. Kd4 Bc2 62. Ne3 Ba4 63. Kc5 Kc7 64. Nf1 Bc2 65. Ne3 Bd3 66. Nd1
Kb7 67. Nc3 Ka6 68. Nd1 Kb7 69. Nf2 Be2 70. Kd6 Bf3 71. Ke7 Be4 72. Kd6 Kb6 73.
Kd7 Bf5 74. Nd1 d4 75. Nb2 d3 76. Nxd3 Bxd3 77. Ke7 Kc6 78. Kxf7 Bf5 79. Ke7 Kd5
80. Kd7 Kc4 81. Kd6 Kxb4 82. Kc6 Kc4 {White resigns} 0-1

[Event "Team 45 45 League T35"]
[Site "Internet Chess Club"]
[Date "2007.10.20"]
[Round "1"]
[White "OGO"]
[Black "shakkiipe"]
[Result "0-1"]
[WhiteElo "1664"]
[BlackElo "1615"]
[Opening "Pirc defense"]
[ECO "B07"]
[Time "12:00:16"]
[TimeControl "2700+45"]

1. e4 d6 2. d4 Nf6 3. Nc3 g6 4. Bd3 e5 5. dxe5 dxe5 6. Bb5+ Bd7 7. Nf3 c6 8. Bc4
Qe7 9. Bg5 Bg7 10. O-O O-O 11. Qd2 Bg4 12. Qe3 Nbd7 13. Rad1 b5 14. Be2 Rfd8 15.
Rd2 a5 16. Rfd1 Bxf3 17. Bxf3 Nf8 18. Qb6 Rxd2 19. Rxd2 Qe6 20. Qc5 N8d7 21. Qd6
Qxd6 22. Rxd6 Rc8 23. Ne2 h6 24. Be3 Bf8 25. Rd1 Kg7 26. Nc1 b4 27. g3 Nc5 28.
Nd3 Nxd3 29. Rxd3 c5 30. c4 g5 31. Bg2 Be7 32. f4 gxf4 33. gxf4 exf4 34. Bxf4
Rd8 35. Rxd8 Bxd8 36. Bd6 Bb6 37. Kf1 Ng4 38. Ke2 f6 39. h3 Ne5 40. b3 Kg6 41.
Ke3 Kg5 42. Bf3 h5 43. Be2 h4 44. Bb8 Ng6 45. e5 Nxe5 46. Ke4 Ng6 47. Kd5 Nf4+
48. Kc6 Bd8 49. Bxf4+ Kxf4 50. Kxc5 f5 51. Kd4 Kg3 52. Ke3 Bb6+ 53. Kd2 Kxh3 54.
Bf3 Kg3 55. Ke2 h3 56. Bh1 Kh2 57. Bc6 Kg1 58. Kf3 h2 59. Kf4 h1=Q 60. Bxh1 Kxh1
61. Kxf5 Kg2 62. Ke5 Kf2 63. Kd5 Ke3 64. c5 Bd8 65. c6 Kd3 66. Kd6 Kc2 67. c7
Bxc7+ 68. Kxc7 Kb2 69. Kb6 Kxa2 70. Kxa5 Kxb3 {White resigns} 0-1

[Event "Team 45 45 League T35"]
[Site "Internet Chess Club"]
[Date "2007.10.22"]
[Round "1"]
[White "stakastra"]
[Black "dondel"]
[Result "1-0"]
[WhiteElo "1552"]
[BlackElo "1495"]
[Opening "King's pawn opening"]
[ECO "B07"]
[Time "12:57:41"]
[TimeControl "2700+45"]

1. e4 d6 2. f4 Nf6 3. Nc3 g6 4. Nf3 a6 5. h3 Nc6 6. Bc4 h6 7. d3 Na5 8. Bb3 Nxb3
9. axb3 Qd7 10. O-O c6 11. Be3 Qc7 12. Na4 Nd7 13. e5 b5 14. exd6 Qxd6 15. Nc3
f5 16. Bd4 Rg8 17. Be3 Bg7 18. Qd2 b4 19. Na4 Bb7 20. Rad1 c5 21. Qf2 Rc8 22.
Rfe1 e6 23. d4 c4 24. Ne5 Bxe5 25. dxe5 Qc6 26. Rd6 Qe4 27. Rxe6+ Kf7 28. Rd6
Rgd8 29. Red1 Ke7 30. R1d4 Qxg2+ 31. Qxg2 Bxg2 32. Kxg2 Nc5 33. Rxd8 Rxd8 34.
Rxd8 Kxd8 35. Bxc5 cxb3 36. cxb3 Kd7 37. Bxb4 {Black resigns} 1-0

[Event "Team 45 45 League T35"]
[Site "Internet Chess Club"]
[Date "2007.10.21"]
[Round "1"]
[White "Playing4TheKing"]
[Black "lw"]
[Result "0-1"]
[WhiteElo "1317"]
[BlackElo "1511"]
[Opening "Modern defense"]
[ECO "A40"]
[Time "15:02:41"]
[TimeControl "2700+45"]

1. d4 g6 2. Bf4 d6 3. e3 Bg7 4. c3 Nf6 5. Nf3 Nc6 6. Nbd2 O-O 7. Bd3 Nd5 8. Bg3
Re8 9. O-O e5 10. Re1 Bg4 11. h3 Bxf3 12. Nxf3 e4 13. Bc4 Nb6 14. Bb3 exf3 15.
Qxf3 Re7 16. Bh4 Na5 17. Bxe7 Qxe7 18. Re2 Nxb3 19. axb3 c6 20. Rae1 Nd7 21. e4
a5 22. d5 Ne5 23. Qg3 h5 24. dxc6 h4 25. Qf4 Nd3 26. Qe3 Nxe1 27. Rxe1 bxc6 28.
Qb6 Qd7 29. Qe3 a4 30. bxa4 Rxa4 31. b3 Ra3 32. c4 c5 33. Rb1 Ra1 34. Rxa1 Bxa1
35. Qh6 Qe7 36. Qc1 Bd4 37. Qf4 g5 38. Qg4 Qf6 39. Qc8+ Kg7 40. Qf5 Qxf5 41.
exf5 Kf6 42. g4 hxg3 43. Kg2 Bxf2 44. Kf3 Kxf5 45. Kg2 Kf4 46. Kf1 Kf3 47. h4
g2# {White checkmated} 0-1

[Event "Team 45 45 League T35"]
[Site "Internet Chess Club"]
[Date "2007.10.21"]
[Round "1"]
[White "bobhill"]
[Black "DeLaSalle"]
[Result "1/2-1/2"]
[WhiteElo "1913"]
[BlackElo "1986"]
[Opening "Queen's pawn"]
[ECO "A40"]
[Time "15:02:26"]
[TimeControl "2700+45"]

1. d4 e6 2. Nf3 b6 3. c4 Bb7 4. Bg5 Be7 5. Bxe7 Qxe7 6. Nbd2 f5 7. e3 Nf6 8. a3
d6 9. Qc2 Ne4 10. Bd3 Nxd2 11. Kxd2 Nd7 12. Rae1 Nf6 13. Kc1 Be4 14. Nd2 Bxd3
15. Qxd3 O-O 16. e4 fxe4 17. Nxe4 Nxe4 18. Qxe4 Qg5+ 19. Kb1 Rae8 20. h4 Qf5 21.
f3 Qxe4+ 22. Rxe4 d5 23. cxd5 exd5 24. Rg4 Re2 25. Rc1 Rf7 26. Rg5 Rd7 27. g4
Rd2 28. Re1 Rxd4 29. Rf5 g6 30. Re8+ Kg7 31. Rff8 Rf7 32. Rg8+ Kh6 33. h5 Rdf4
34. hxg6 hxg6 35. Re6 R4f6 36. Re5 Rxf3 37. Rxd5 R3f4 38. g5+ Kh7 39. Rdd8 R7f5
40. Rh8+ Kg7 41. Rdg8+ Kf7 42. Rc8 c5 43. Rh7+ Ke6 44. Rc6+ Kd5 45. Rxg6 Kc4 46.
Rxa7 b5 47. Re7 Rg4 48. Ka2 Rfxg5 49. Rd6 Rd5 50. Rf6 Rd2 51. Rf3 Rgg2 52. Rc3+
Kd5 53. Rb3 Kd6 54. Rb7 b4 55. axb4 c4 56. Rc3 Rxb2+ 57. Ka1 Ra2+ 58. Kb1 Rab2+
59. Kc1 Ra2 60. Kb1 Rab2+ 61. Kc1 Ra2 62. Kb1 Rab2+ 63. Kc1 Rbf2 64. Kb1 Rb2+
65. Kc1 Ra2 66. Kb1 {Game drawn by repetition} 1/2-1/2

[Event "Team 45 45 League T35"]
[Site "Internet Chess Club"]
[Date "2007.10.20"]
[Round "1"]
[White "Ser-Enigma"]
[Black "BaroneRosso"]
[Result "1-0"]
[WhiteElo "2073"]
[BlackElo "2000"]
[Opening "Queen's Indian: Nimzovich variation (exaggerated fianchetto)"]
[ECO "E15"]
[Time "14:03:20"]
[TimeControl "2700+45"]

1. d4 Nf6 2. c4 e6 3. Nf3 b6 4. g3 Ba6 5. Qc2 c5 6. Bg2 Nc6 7. O-O cxd4 8. Rd1
Bc5 9. a3 Rc8 10. b4 Bxb4 11. axb4 Nxb4 12. Qb3 Qe7 13. Bd2 Bxc4 14. Qxb4 Bxe2
15. Qxe7+ Kxe7 16. Bb4+ d6 17. Rxd4 Rc1+ 18. Ne1 Rd8 19. Rxa7+ Ke8 20. Na3 d5
21. Re7+ Kf8 22. Rc7+ {Black resigns} 1-0

[Event "Team 45 45 League T35"]
[Site "Internet Chess Club"]
[Date "2007.10.22"]
[Round "1"]
[White "izit"]
[Black "cillu"]
[Result "1-0"]
[WhiteElo "2164"]
[BlackElo "2039"]
[Opening "Sicilian: Taimanov (Bastrikov) variation"]
[ECO "B47"]
[Time "13:37:38"]
[TimeControl "2700+45"]

1. e4 c5 2. Nf3 e6 3. d4 cxd4 4. Nxd4 Nc6 5. Nc3 Qc7 6. Ndb5 Qb8 7. Be3 a6 8.
Bb6 axb5 9. Nxb5 Bb4+ 10. c3 Ba5 11. Nc7+ Qxc7 12. Bxc7 Bxc7 13. Qg4 Be5 14. f4
Nf6 15. Qf3 Bc7 16. a4 e5 17. g3 d5 18. exd5 e4 19. Qd1 Bg4 20. Be2 Bxe2 21.
Kxe2 O-O-O 22. dxc6 Rxd1 23. cxb7+ Kxb7 24. Rhxd1 h5 25. a5 h4 26. b4 hxg3 27.
hxg3 Rh2+ 28. Ke3 Rc2 29. Rac1 Rg2 30. Rg1 Rb2 31. Rgd1 Bb8 32. Rd2 Ba7+ 33. Ke2
Rb3 34. Rcc2 e3 35. Rd8 Ne4 36. Kd3 Nxg3 37. Kc4 Ra3 38. Kb5 e2 39. Rcd2 Bb8 40.
Re8 Bc7 41. Rd3 Bxf4 42. Re7+ Kc8 43. Kc6 Rxc3+ 44. Rxc3 Kd8 45. Rce3 Bxe3 46.
Rxe3 Nf5 47. Re5 Nd4+ 48. Kb7 f6 49. Re4 f5 50. Rxe2 Nxe2 51. a6 {Black resigns}
1-0

[Event "Team 45 45 League T35"]
[Site "Internet Chess Club"]
[Date "2007.10.18"]
[Round "1"]
[White "SRS"]
[Black "ddlj81"]
[Result "0-1"]
[WhiteElo "1827"]
[BlackElo "2013"]
[Opening "KGD: Falkbeer counter-gambit"]
[ECO "C31"]
[Time "19:00:23"]
[TimeControl "2700+45"]

1. e4 e5 2. f4 d5 3. exd5 exf4 4. Nc3 Qh4+ 5. Ke2 Bg4+ 6. Nf3 Nd7 7. d4 O-O-O 8.
Kd3 Qf6 9. h3 Bh5 10. Be2 c5 11. dxc6 Ne5+ 12. Nxe5 Qxe5 13. cxb7+ Kb8 14. d5
Nf6 15. Re1 Nxd5 16. Kc4 Nb6+ 17. Kb3 Qe6+ 18. Nd5 Nxd5 19. c4 Qb6+ 20. Kc2 Bg6+
21. Bd3 Bxd3+ 22. Kxd3 Nb4+ 23. Kc3 Rxd1 24. Rxd1 Qf2 25. Bd2 Qg3+ {White
resigns} 0-1

[Event "Team 45 45 League T35"]
[Site "Internet Chess Club"]
[Date "2007.10.18"]
[Round "1"]
[White "Qui"]
[Black "kabindra"]
[Result "1-0"]
[WhiteElo "2079"]
[BlackElo "1809"]
[Opening "QGD: 6.Nf3"]
[ECO "D55"]
[Time "18:31:48"]
[TimeControl "2700+45"]

1. d4 d5 2. c4 e6 3. Nc3 Nf6 4. Nf3 Be7 5. Bg5 O-O 6. e3 b6 7. Rc1 c5 8. Be2 Ba6
9. Ne5 Bb7 10. Bf3 Nc6 11. Bxf6 Bxf6 12. cxd5 Nxe5 13. dxe5 Bxe5 14. e4 Bxc3+
15. Rxc3 exd5 16. exd5 Re8+ 17. Re3 Ba6 18. Qa4 Rxe3+ 19. fxe3 Bd3 20. Kf2 b5
21. Qf4 c4 22. d6 Rb8 23. d7 Rb6 24. Qd4 a6 25. Re1 Re6 26. Kg1 Re7 27. Bc6 Bf5
28. Rd1 Bd3 29. e4 h6 30. Rd2 Kh7 31. Rf2 f6 32. Rf4 Re6 33. Qd5 Qb6+ 34. Kh1
Qe3 35. g3 g5 36. Qxe6 {Black resigns} 1-0